 Dungeon Crawl Stone Soup version 0.26-a0-976-gd3b5134375 (webtiles) character file.

Game seed: 7024914335314769811

3089 Gildeon the Ruffian (level 9, 0/88 HPs)
             Began as a Troll Fighter on Dec 5, 2020.
             Was a Follower of Makhleb.
             Slain by a yak (14 damage)
             ... on level 7 of the Dungeon.
             The game lasted 00:13:53 (5320 turns).

Gildeon the Ruffian (Troll Fighter)                 Turns: 5320, Time: 00:13:53

Health: 0/88       AC:  8    Str: 30    XL:     9   Next: 59%
Magic:  0/10       EV: 12    Int:  5    God:    Makhleb [*.....]
Gold:   301        SH:  0    Dex: 11    Spells: 7/8 levels left

rFire    + . .     SeeInvis .     - Unarmed
rCold    . . .     Faith    .   (no shield)
rNeg     . . .     Spirit   +   l - +2 robe {MR+}
rPois    .         Reflect  .   (helmet restricted)
rElec    .         Harm     .   (no cloak)
rCorr    .         Rampage  .   (gloves unavailable)
MR       +....                  (boots unavailable)
Stlth    +.........             a - amulet of guardian spirit
HPRegen  0.64/turn              m - ring of ice
MPRegen  0.12/turn              o - ring of fire

@: no status effects
A: large, unfitting armour, claws 3, fire resistance 1, regeneration 1, shaggy
fur 1, strong 2, tough skin 3, subdued magic 1
a: Renounce Religion


You were on level 7 of the Dungeon.
You worshipped Makhleb.
Makhleb was aware of your devotion.
You visited 2 branches of the dungeon, and saw 8 of its levels.

You collected 301 gold pieces.

Inventory:

Hand Weapons
 n - a +0 giant spiked club
Armour
 l - a +2 robe of magic resistance (worn)
Jewellery
 a - an amulet of guardian spirit (around neck)
 m - a ring of ice (left claw)
 o - a ring of fire (right claw)
 t - an uncursed amulet of regeneration {unknown}
Wands
 b - a wand of digging (4)
 g - a wand of polymorph (4)
 r - a wand of paralysis (7)
 u - a wand of disintegration (13)
 x - a wand of random effects (16)
Scrolls
 d - a scroll of fear
 j - 4 scrolls of teleportation
 q - 2 scrolls of amnesia
 s - a scroll of enchant armour
 v - a scroll of remove curse
 w - a scroll of vulnerability {unknown}
Potions
 c - a potion of might
 e - 2 potions of attraction
 f - 2 potions of heal wounds
 h - 3 potions of brilliance
 i - 2 potions of curing
 k - 2 potions of lignification
 p - a potion of berserk rage {unknown}


   Skills:
 - Level 5.0 Fighting
 - Level 5.0 Armour
 - Level 5.0 Dodging
 - Level 2.4 Shields
 + Level 7.2 Unarmed Combat
 + Level 3.9 Invocations
 + Level 3.1 Evocations


You had 7 spell levels left.
You knew the following spells:

 Your Spells              Type           Power        Failure   Level
a - Corona                Hex            #......      43%         1

Your spell library contained the following spells:

 Spells                   Type           Power        Failure   Level
 Animate Skeleton         Necr           #.....       43%         1
 Apportation              Tloc           #.....       43%         1
 Summon Small Mammal      Summ           #...         43%         1


Dungeon Overview and Level Annotations

Branches:
Dungeon (7/15)             Temple (1/1) D:4

Altars:
Ashenzari
Elyvilon
Fedhas
Gozag
Hepliaklqana
Kikubaaqudgha
Makhleb
Nemelex Xobeh
Okawaru
Qazlal
Ru
Sif Muna
Trog
Vehumet
Wu Jian
Xom
Yredelemnul
Zin
The Shining One


Innate Abilities, Weirdness & Mutations

You are too large for most types of armour.
You have claws for hands.
Your natural rate of healing is unusually fast.
You are covered in fur. (AC +1)
You have extremely tough skin. (AC +3)
Your flesh is heat resistant. (rF+)
Your muscles are very strong. (Str +4)
Your spells are a little easier to cast, but a little less powerful.


Message History

You barely miss the yak.
The yak is severely wounded.
You scratch the yak.
The yak is lightly wounded.
You scratch the yak.
The yak is lightly wounded.
The yak gores you!
You barely miss the yak.
The yak is lightly wounded.
The yak gores you!
You mangle the yak!!
The yak is severely wounded.
The yak gores you!!
* * * LOW HITPOINT WARNING * * *
You mangle the yak!!
You kill the yak!
Makhleb accepts your kill.
The yak seems less drained.
The yak gores you!
You die...

..##.#...
#..#....
YY###..#..# ##
#......)..#..#
.. #......#..#
....#
##........#
.....
####.Y#.......
.....
#..oYY###.....
..... #..###@#
#.... ##....
#. #.# .#..
....... #. #.#
# #........ #
#.# ..#.....
#.# #.......
#.# #......
#.# #......
#.## #.....
#..# ##....


You could see 3 yaks and an orc.

Vanquished Creatures
  Pikel (D:5)
  Prince Ribbit (D:5)
  The ghost of Memezis the Caller, an amateur MfSu of Makhleb (D:6)
  3 yaks (D:7)
  An orc warrior (D:6)
  2 phantoms
  2 ogres
  An ice beast (D:5)
  A necrophage (D:6)
  2 centaurs
  A lemure (D:5)
  2 bullfrogs (D:6)
  A scorpion (D:5)
  A howler monkey (D:6)
  2 hounds
  5 orc wizards
  2 bullfrog skeletons
  3 orc priests
  2 centaur skeletons
  3 iguanas
  Ijyb (D:3)
  7 worker ants
  Robin (D:2)
  A gnoll (D:4)
  7 adders
  A white imp (D:5)
  4 worms
  A dart slug (D:3)
  5 leopard geckos
  15 orcs
  4 giant cockroaches
  13 goblins
  12 hobgoblins
  2 jackals (D:5)
  2 quokkas
  2 ball pythons (D:1)
  3 bats
  8 frilled lizards
  7 kobolds
  5 rats
138 creatures vanquished.

Vanquished Creatures (others)
  7 plants (D:5)
7 creatures vanquished.

Grand Total: 145 creatures vanquished

Notes
Turn   | Place    | Note
-------+----------+-------------------------------------------
     0 | D:1      | Gildeon the Troll Fighter began the quest for the Orb.
     0 | D:1      | Reached XP level 1. HP: 22/22 MP: 0/0
   113 | D:1      | Reached XP level 2. HP: 29/29 MP: 1/1
   597 | D:2      | Gained mutation: Your muscles are strong. (Str +2) [potion
                  | of mutation]
   597 | D:2      | Gained mutation: Your spells are a little easier to cast,
                  | but a little less powerful. [potion of mutation]
   597 | D:2      | Gained mutation: Your muscles are very strong. (Str +4)
                  | [potion of mutation]
   597 | D:2      | Gained mutation: Your flesh is heat resistant. (rF+)
                  | [potion of mutation]
   701 | D:2      | Reached XP level 3. HP: 36/36 MP: 2/2
   787 | D:2      | Reached skill level 1 in Armour
   816 | D:2      | Noticed Robin
   852 | D:2      | Killed Robin
   853 | D:2      | Reached XP level 4. HP: 45/45 MP: 3/3
   873 | D:2      | Found a sacrificial altar of Ru.
  1590 | D:3      | Noticed Ijyb
  1601 | D:3      | Killed Ijyb
  1602 | D:3      | Reached skill level 3 in Unarmed Combat
  1602 | D:3      | Reached XP level 5. HP: 50/53 MP: 4/4
  1973 | D:3      | You fall into a shaft and drop 1 floor!
  2136 | D:4      | Reached XP level 6. HP: 61/61 MP: 5/5
  2249 | D:4      | Found a staircase to the Ecumenical Temple.
  2260 | Temple   | Entered the Ecumenical Temple
  2280 | Temple   | Became a worshipper of Makhleb the Destroyer
  2660 | D:4      | Reached skill level 4 in Unarmed Combat
  2924 | D:4      | Reached XP level 7. HP: 26/68 MP: 2/6
  3400 | D:5      | Entered Level 5 of the Dungeon
  3508 | D:5      | Found a glowing golden altar of the Shining One.
  3681 | D:5      | Noticed Pikel
  3730 | D:5      | Killed Pikel
  3731 | D:5      | Reached skill level 5 in Unarmed Combat
  3731 | D:5      | Reached XP level 8. HP: 18/79 MP: 1/7
  3944 | D:5      | Noticed Prince Ribbit
  3979 | D:5      | Killed Prince Ribbit
  3980 | D:5      | Reached skill level 5 in Fighting
  4083 | D:5      | Reached skill level 5 in Dodging
  4107 | D:5      | Found an ancient bone altar of Kikubaaqudgha.
  4161 | D:5      | Reached skill level 1 in Invocations
  4381 | D:6      | Reached skill level 1 in Evocations
  4400 | D:6      | Reached * piety under Makhleb
  4413 | D:6      | Reached skill level 6 in Unarmed Combat
  4414 | D:6      | Found a runed translucent door.
  4442 | D:6      | Noticed Memezis's ghost (amateur MfSu)
  4493 | D:6      | Killed Memezis's ghost
  4494 | D:6      | Reached XP level 9. HP: 88/88 MP: 9/9
  4524 | D:6      | Found a burning altar of Makhleb.
  4625 | D:6      | Found a hazy altar of Hepliaklqana.
  4628 | D:6      | Found a shimmering blue altar of Sif Muna.
  4631 | D:6      | Found an iron altar of Okawaru.
  4680 | D:6      | Learned a level 1 spell: Corona
  4696 | D:6      | Reached skill level 5 in Armour
  4764 | D:6      | Found a radiant altar of Vehumet.
  4952 | D:6      | Found an opulent altar of Gozag.
  5055 | D:6      | Found a sparkling altar of Nemelex Xobeh.
  5313 | D:7      | Reached skill level 7 in Unarmed Combat
  5320 | D:7      | Slain by a yak

Illustrated notes

Levels and vault maps discovered:
D:1:      scummos_arrival_star, layout_loops_ring, minmay_pentomino_u4
D:2:      layout_loops_ring, nicolae_ru_great_annihilating_truth, uniq_robin
D:3:      layout_loops_ring, uniq_ijyb
D:4:      minmay_recursive_quarters, layout_loops_corners,
          minmay_temple_entry_grid
D:5:      kennysheep_big_flooded_room, layout_rooms, lemuel_round_altar,
          kiku_gazebo_pond_becter, serial_bayou_ford_a, uniq_prince_ribbit1,
          uniq_pikel
D:6:      layout_basic, nemelex_altar_shiori, lemuel_round_altar,
          grunt_temple_overflow_diamond,
          nicolae_gozag_cash_rules_everything_around_me, basic_altar,
          gammafunk_ghost_grave, hex_large, nrook_mini_backslash
D:7:      layout_rooms
Temple:   zaba_magenta_temple

Skill      XL: |  1  2  3  4  5  6  7  8  9 |
---------------+----------------------------+-----
Armour         | 1 2 3 4 5 |  5.0
Fighting       | 3 4 5 |  5.0
Dodging        | 3 4 5 |  5.0
Unarmed Combat | 3 4 5 6 7 |  7.2
Invocations    | 2 3 |  3.9
Evocations     | 1 3 |  3.1
Shields        | |  2.4

Action                   |  1- 3 |  4- 6 |  7- 9 || total
-------------------------+-------+-------+-------++-------
Melee: Unarmed           |   101 |   145 |   229 ||   475
       Punch             |     1 |     2 |     2 ||     5
Evoke: Wand              |       |       |     3 ||     3
  Use: Scroll            |     5 |    10 |     3 ||    18
       Potion            |     1 |       |     2 ||     3
 Stab: Paralysed         |       |     2 |       ||     2
       Sleeping          |       |     2 |       ||     2
Armor: Robe              |    27 |    51 |    55 ||   133
Dodge: Dodged            |    48 |    72 |   118 ||   238

Table legend: (Time is in decaauts)
 A = Elapsed time spent in this place.
 B = Non-inter-level travel time spent in this place.
 C = Inter-level travel time spent in this place.
 D = Time resting spent in this place.
 E = Time spent auto-exploring this place.
 F = Levels seen in this place.
 G = Mean time per level.
                   A        B        C        D        E       F      G
               +--------+--------+--------+--------+--------+-----+--------+
         Total |   5276 |   5059 |    217 |     83 |   3822 |   8 |  659.5 |
       Dungeon |   5192 |   4994 |    198 |     83 |   3771 |   7 |  741.7 |
        Temple |     83 |     64 |     19 |      0 |     51 |   1 |   83.0 |
               +--------+--------+--------+--------+--------+-----+--------+

Top non-repeatable levels by time:
     D:4: 1181 daAuts
     D:5: 961 daAuts
     D:2: 866 daAuts
     D:6: 825 daAuts
     D:3: 677 daAuts
     D:1: 575 daAuts
     D:7: 103 daAuts
  Temple: 83 daAuts
